Map: Terrasses de Prion

Players

vvolv - Winner!

  • Race: Terran Terran
  • League: Diamond

Worming

  • Race: Zerg Zerg
  • League: Diamond

VOD

Have the link to the VOD?

Description

Time

  • Played on: Dec. 11, 2015, 8:23 a.m.
  • Length: 9:46
Show
View Real Time Build Order
Export as new Build Order

vvolv Terran - Winner!

Build Orders: Reaper Expand, MMM Bio 

Get SALT Encoding   

  12  0:01  SCV  
  13  0:13  SCV  
  14  0:17  Supply Depot  
  14  0:25  SCV  
  15  0:39  SCV  
  15  0:40  Barracks  
  16  0:46  Refinery  
  16  0:51  SCV  
  17  1:03  SCV  
  18  1:15  SCV  
  19  1:27  Orbital Command  
  19  1:30  Reaper  
  20  1:41  Command Center  
  20  1:49  Supply Depot  
  20  1:53  SCV  
  21  2:02  Marine  
  22  2:09  SCV  
  22  2:14  Factory  
  23  2:17  Refinery  
  23  2:23  SCV  
  24  2:31  Barracks Reactor  
  24  2:35  SCV  
  25  2:50  SCV  
  26  2:54  Supply Depot  
  26  2:55  Orbital Command  
  26  3:02  SCV  
  26  3:03  Starport  
  27  3:18  SCV  
  28  3:22  Supply Depot  
  28  3:24  Hellion x2, Marine  
  33  3:27  SCV  
  33  3:30  SCV  
  35  3:39  SCV  
  36  3:42  SCV, Marine  
  36  3:45  Hellion x2  
  42  3:50  Medivac  
  43  3:56  SCV x2  
  45  4:03  Liberator  
  45  4:06  Hellion  
  45  4:07  Hellion, Supply Depot, Marine  
  50  4:11  SCV x2  
  52  4:23  SCV x2  
  57  4:30  Barracks x2  
  55  4:34  Armory  
  55  4:35  SCV x2  
  57  4:46  Liberator  
  57  4:47  SCV x2  
  57  4:48  Barracks Tech Lab  
  57  4:50  Hellion x2  
  63  4:59  Supply Depot, SCV  
  65  5:00  SCV  
  68  5:32  Barracks Tech Lab, Barracks Reactor  
  66  5:49  SCV x2  
  62  5:53  Hellion x2  
  62  5:57  Stimpack  
  62  5:58  Starport Reactor  
  62  5:59  Combat Shields  
  62  6:01  Command Center  
  60  6:04  Engineering Bay  
  60  6:05  Engineering Bay  
  57  6:26  SCV x2  
  57  6:27  Hellion x2  
  63  6:38  Marine x2, SCV x2  
  63  6:39  Marauder x2  
  67  6:50  SCV x2  
  67  6:52  Terran Infantry Weapons Level 1, Terran Infantry Armor Level 1  
  67  6:55  Barracks  
  67  6:56  Barracks  
  67  6:57  Supply Depot  
  65  7:01  Refinery  
  65  7:02  Medivac, Refinery  
  65  7:04  Marine x2, Marauder x2  
  73  7:11  Barracks, SCV x2  
  73  7:12  Barracks  
  73  7:16  Supply Depot x2  
  73  7:17  Supply Depot  
  73  7:24  Marine x2  
  73  7:25  Marauder  
  73  7:26  Marauder  
  76  7:31  Widow Mine x2  
  80  7:45  Barracks Tech Lab, Barracks Reactor  
  80  7:46  Marine x2  
  80  7:47  Marauder x2  
  80  7:48  Concussive Shells  
  80  7:50  Bunker  
  86  7:51  Supply Depot  
  86  7:58  SCV x2  
  88  8:00  Barracks Tech Lab, Barracks Reactor  
  87  8:19  Marine  
  87  8:20  Marauder, Marine  
  87  8:21  Marauder x3  
  87  8:22  Medivac, SCV x2  
  87  8:24  Medivac  
  87  8:26  Orbital Command  
  103  8:34  SCV x2  
  105  8:37  Marine x5  
  105  8:38  Marine  
  109  8:42  Marauder x2, Marine x2  
  113  8:52  Medivac  
  113  8:54  Medivac, Marine  
  113  8:55  Refinery  
  118  8:56  Refinery  
  118  8:58  Marine x5  
  118  9:00  Marauder, Supply Depot, Marine  
  126  9:06  Marauder, Marine  
  129  9:15  Marine x3  
  129  9:16  Marine  
  133  9:19  Marine  
  133  9:20  Marine  
  133  9:21  Marine x2  
  133  9:23  Supply Depot  
  133  9:24  Marine  
  134  9:27  Marine  
Show
View Real Time Build Order
Export as new Build Order

Worming Zerg 

Build Orders: Hatch First 

Get SALT Encoding   

  12  0:01  Drone  
  13  0:12  Overlord  
  13  0:18  Drone  
  14  0:30  Drone x2  
  14  0:34  Drone  
  17  0:46  Drone  
  18  0:58  Drone  
  18  0:59  Hatchery  
  18  1:11  Spawning Pool  
  17  1:14  Drone  
  17  1:17  Extractor  
  17  1:19  Drone  
  18  1:32  Drone  
  19  1:40  Overlord  
  19  1:53  Drone  
  20  1:57  Queen  
  22  2:04  Zergling x2  
  23  2:10  Queen  
  23  2:11  Zergling x4  
  27  2:19  Metabolic Boost  
  27  2:34  Drone x2  
  27  2:35  Drone x2  
  31  2:37  Queen  
  32  2:50  Zergling x2  
  33  2:53  Drone  
  33  2:56  Overlord  
  33  2:57  Drone  
  35  3:04  Drone  
  36  3:11  Overlord  
  36  3:14  Drone x3  
  39  3:22  Drone x4  
  39  3:24  Overlord  
  43  3:33  Zergling x2  
  44  3:36  Zergling x2  
  45  4:06  Roach Warren  
  45  4:07  Extractor  
  45  4:09  Extractor  
  42  4:10  Queen  
  42  4:11  Zergling x2  
  42  4:12  Zergling x12  
  51  4:20  Hatchery  
  45  4:32  Drone  
  45  4:33  Drone x2, Evolution Chamber x2  
  45  4:34  Drone x2  
  45  4:38  Drone  
  49  4:40  Spine Crawler  
  48  4:46  Drone  
  48  4:51  Roach  
  51  4:53  Overlord x3  
  51  4:54  Lair  
  51  5:03  Zergling x2  
  52  5:12  Roach  
  52  5:13  Roach x3  
  60  5:20  Zergling x4, Roach x3  
  64  5:23  Zerg Melee Weapons Level 1  
  64  5:32  Zergling x2  
  64  5:33  Zergling x8  
  42  5:58  Zergling x6, Roach x4  
  42  5:59  Zergling x2  
  50  6:05  Roach x2  
  54  6:16  Queen x2  
  45  6:29  Drone  
  45  6:30  Drone x3  
  44  6:38  Queen  
  42  6:41  Drone x2  
  42  6:45  Zergling x2  
  43  7:00  Ravager x2  
  43  7:01  Ravager  
  44  7:03  Drone  
  44  7:05  Drone x2  
  46  7:30  Drone x9  
  46  7:34  Queen  
  46  7:36  Zerg Missile Weapons Level 1  
  57  7:37  Zerg Ground Armor Level 1  
  57  7:39  Roach  
  57  7:42  Glial Reconstitution  
  59  7:45  Roach x3  
  65  8:07  Roach x8  
  75  8:16  Overlord x3  
  75  8:17  Roach x2  
  76  8:31  Roach x3  
  82  8:38  Roach x2  
  82  8:40  Roach  
  84  8:52  Ravager  
  84  8:55  Drone x3, Extractor  
  86  8:56  Drone x3  
  86  8:59  Zergling x4  
  86  9:00  Zergling x2  
  93  9:17  Drone x3  
  95  9:22  Extractor  
  95  9:25  Extractor  
Tags
 
Add a new tag
Caveats
  • Supply blocks, unpowered buildings, or Contaminate may cause inaccurate times.
  • Supply counts are checked every 10 seconds.